 Dungeon Crawl Stone Soup version 0.14.0-12-g87ee3b7 (webtiles) character file.

1012 Nameless the Ducker (level 7, -1/60 HPs)
             Began as a Yellow Draconian Berserker on Apr 17, 2014.
             Was an Elder of Trog.
             Slain by an orc priest
             ... wielding a +0,+0 trident
              (11 damage)
             ... on Level 5 of the Dungeon.
             The game lasted 00:28:44 (4819 turns).

Nameless the Ducker (Yellow Draconian Berserker)    Turns: 4819, Time: 00:28:44

HP  -1/60        AC  8     Str 26      XL: 7   Next: 56%
MP   7/7         EV 15     Int  7      God: Trog [****..]
Gold 225         SH  0     Dex 11      Spells:  0 memorised,  6 levels left

rFire  . . .     SeeInvis .     p - +2,+0 dagger (venom)
rCold  . . .     Clarity  .     (armour unavailable)
rNeg   . . .     Conserve +     (no shield)
rPois  .         rCorr    +     (helmet restricted)
rElec  .         rRot     .     n - +0 cloak
SustAb . .       Spirit   .     (no gloves)
rMut   .         Warding  .     l - +0 pair of boots
Saprov . . .     Stasis   .     w - amulet of conservation
MR     .....                    (no ring)
                                (no ring)

@: mighty, not resistant to hostile enchantments, unstealthy
A: spit acid, acid resistance, unfitting armour, AC +6
a: Spit Acid, Burn Spellbooks, Berserk, Trog's Hand, Brothers in Arms, Renounce
Religion


You were on level 5 of the Dungeon.
You worshipped Trog.
Trog was greatly pleased with you.
You were not hungry.

You visited 1 branch of the dungeon, and saw 5 of its levels.
You also visited: Sewer.

You collected 225 gold pieces.

Inventory:

Hand weapons
 a - a +0,+0 short sword
 p - a +2,+0 dagger of venom (weapon)
Armour
 l - a +0 pair of boots (worn)
 n - a +0 cloak (worn)
Magical devices
 m - a wand of magic darts (22) {unknown}
Comestibles
 c - 9 bread rations
 f - an apple
 h - 2 pears
 i - 2 meat rations
 q - a snozzcumber
 r - a choko
Scrolls
 b - a scroll of enchant weapon I {unknown}
 g - 2 scrolls of remove curse
 o - a scroll of identify
 s - a scroll of teleportation
 t - a scroll of magic mapping
 x - a scroll of blinking
Jewellery
 w - an amulet of conservation (around neck)
Potions
 d - a potion of magic
 e - 5 potions of might
 j - 2 potions of curing
 k - 2 potions of agility


   Skills:
 + Level 4.4 Fighting
 + Level 4.5 Short Blades
   Level 0.4 Polearms
 + Level 7.0 Dodging
 + Level 0.8 Stealth


You had 6 spell levels left.
You didn't know any spells.

Dungeon Overview and Level Annotations

Branches:
Dungeon (5/15)
 Temple: D:4-7

Altars:
Elyvilon


Message History

You kill the worm!
Trog accepts your kill. The orc barely misses you. The giant gecko bites you.
The orc priest hits you from afar with a trident.
The orc closely misses you.
You puncture the orc!
You kill the orc!
Trog accepts your kill. The giant gecko closely misses you.
The orc closely misses you. The orc priest hits you with a trident!
* * * LOW HITPOINT WARNING * * *
The giant gecko barely misses you. The orc hits you with a club.
* * * LOW HITPOINT WARNING * * *
You see here an orc corpse.
You hit the orc priest.
The orc priest is poisoned.
You tail-slap the orc priest!
The orc priest is severely wounded.
The giant gecko bites you but does no damage.
The orc priest hits you with a trident!
You die...

#..,*,,, ,, ,,,,,.
###.....,,,,,,,,,,,,
##........,, , ,,,,,,
##.......=..,,,,,,,,,,
##............,,,,,,,,.
##.............,, >,,, .
##..............,,,,,,, .
##.......o........,,,,,,..
#.......l@o.........,***..
#...................#* *#.
#...................# #.
#...................## ##.
#..##................###..
##.#......................
##.......................
####....................
#.#.........).........


You could see an orc priest, an orc and a giant gecko.

Vanquished Creatures
  A sky beast (D:5)
  Sigmund (D:3)
  A big kobold (Sewer)
  A scorpion (D:5)
  2 crimson imps (D:5)
  A hound (D:4)
  A gnoll shaman (D:5)
  3 orc wizards
  2 worker ants
  3 gnolls (D:4)
  6 green rats
  5 adders
  A shadow imp (D:3)
  2 giant mites (D:5)
  2 worms
  A giant eyeball (D:5)
  2 giant geckos
  6 oozes
  10 orcs
  6 ball pythons
  11 bats
  5 giant cockroaches
  7 hobgoblins
  2 jackals (D:3)
  16 kobolds
  A quokka (D:3)
  6 giant newts
  10 goblins
  A hobgoblin skeleton (D:5)
  16 rats
132 creatures vanquished.

Notes
Turn   | Place    | Note
--------------------------------------------------------------
     0 | D:1      | Nameless, the Draconian Berserker, began the quest for the Orb.
     0 | D:1      | Reached XP level 1. HP: 19/19 MP: 1/1
     7 | D:1      | Noticed a wyvern
     7 | D:1      | Noticed a wolf
     7 | D:1      | Noticed a salamander
     7 | D:1      | Noticed a lindwurm
   503 | D:1      | Reached XP level 2. HP: 21/26 MP: 2/2
   942 | D:2      | Reached XP level 3. HP: 30/33 MP: 3/3
   950 | D:2      | Acquired Trog's second power
  1625 | D:3      | HP: 1/33 [orc wizard/puff of flame (9)]
  1633 | D:3      | Reached XP level 4. HP: 10/40 MP: 4/4
  2200 | D:3      | Reached skill level 4 in Dodging
  2356 | D:3      | Noticed Sigmund
  2370 | D:3      | Killed Sigmund
  2370 | D:3      | Reached XP level 5. HP: 46/46 MP: 5/5
  2813 | D:4      | Reached skill level 5 in Dodging
  2961 | D:4      | Reached XP level 6. HP: 40/52 MP: 6/6
  3299 | D:4      | Found a white marble altar of Elyvilon.
  3517 | D:5      | Entered Level 5 of the Dungeon
  3530 | D:5      | Acquired Trog's third power
  3582 | D:5      | Found a glowing drain.
  3667 | Sewer    | Entered a sewer
  4186 | Sewer    | Reached skill level 6 in Dodging
  4285 | Sewer    | Your scales start taking on a golden yellow colour.
  4285 | Sewer    | Reached XP level 7. HP: 54/59 MP: 7/7
  4496 | D:5      | Paralysed by a giant eyeball for 2 turns
  4760 | D:5      | Reached skill level 7 in Dodging
  4819 | D:5      | Slain by an orc priest

Action                   |  1- 3 |  4- 6 |  7- 9 || total
-------------------------+-------+-------+-------++-------
Melee: Short sword       |   162 |    75 |       ||   237
       Scythe            |       |    32 |       ||    32
       Dagger            |       |   262 |   150 ||   412
Invok: Berserk           |       |     1 |     1 ||     2
  Use: Scroll            |     2 |    11 |       ||    13
       Potion            |     1 |     1 |     8 ||    10
